 Dungeon Crawl Stone Soup version 0.26-a0-652-gafc20e3620 (webtiles) character file.

Game seed: 8340798017634176565

12 Flugkiller the Ruffian (level 2, -4/28 HPs)
             Began as an Ogre Transmuter on Oct 2, 2020.
             Killed from afar by Sigmund (8 damage)
             ... with a puff of flame
             ... on level 2 of the Dungeon.
             The game lasted 00:01:15 (250 turns).

Flugkiller the Ruffian (Ogre Transmuter)             Turns: 250, Time: 00:01:16

Health: -4/28      AC:  3    Str: 13    XL:     2   Next: 33%
Magic:  5/5        EV: 10    Int: 14    God:
Gold:   27         SH:  0    Dex:  9    Spells: 4/5 levels left

rFire    . . .     SeeInvis .     - Unarmed
rCold    . . .     Faith    .   (no shield)
rNeg     . . .     Spirit   .   a - +0 robe
rPois    .         Reflect  .   (helmet restricted)
rElec    .         Harm     .   (no cloak)
rCorr    .         Rampage  .   (gloves unavailable)
MR       .....                  (boots unavailable)
Stlth    +.........             (no amulet)
HPRegen  0.09/turn              (no ring)
MPRegen  0.09/turn              (no ring)

@: no status effects
A: large, unfitting armour, tough skin 1
a: no special abilities


You were on level 2 of the Dungeon.
You visited 1 branch of the dungeon, and saw 3 of its levels.

You collected 27 gold pieces.

Inventory:

Armour
 a - a +0 robe (worn)
Scrolls
 b - a scroll of enchant armour {unknown}
Potions
 c - a potion of brilliance {unknown}
 d - a potion of cancellation {unknown}


   Skills:
 + Level 2.1 Fighting
 - Level 1.7 Dodging
 * Level 3.1 Unarmed Combat
 - Level 2.4 Spellcasting
 - Level 1.7 Transmutations


You had 4 spell levels left.
You knew the following spells:

 Your Spells              Type           Power        Failure   Level
a - Beastly Appendage     Tmut           #.....       11%         1

Your spell library contained the following spells:

 Spells                   Type           Power        Failure   Level
 Wereblood                Tmut           #.......     17%         2
 Spider Form              Tmut/Pois      #.........   43%         3
 Ice Form                 Ice/Tmut       #.......     85%         4
 Blade Hands              Tmut           #.........   97%         5


Dungeon Overview and Level Annotations

Branches:
Dungeon (3/15)

Altars:

Annotations:
D:2 Sigmund


Innate Abilities, Weirdness & Mutations

You are too large for most types of armour.
You have tough skin. (AC +1)


Message History

You hit the worm. Your kick misses the worm. You punch the worm.
The worm is almost dead.
You hit the worm.
You kill the worm!
Your Fighting skill increases to level 2!
Your transformation is almost over.
Your horns disappear.
Your talons disappear.
A kobold comes into view.
It is wielding a +2 short sword of holy wrath.
A rat comes into view.
The kobold shouts!
The rat bites you but does no damage.
Casting: Beastly Appendage (safe; 11% risk of failure)
Confirm with . or Enter, or press ? or * to list all spells.
You miscast Beastly Appendage.
You are very lightly contaminated with residual magic.
Nothing appears to happen.
The rat bites you.
* * * LOW HITPOINT WARNING * * *
Casting: Beastly Appendage (safe; 11% risk of failure)
Confirm with . or Enter, or press ? or * to list all spells.
You grow a pair of large bovine horns.
Your feet morph into talons.
The rat barely misses you.
Press: ? - help, v - describe, . - travel
Here: a kobold, wielding a +2 short sword of holy wrath The floor.
Unknown command.
You hit the rat.
You kill the rat!
You closely miss the kobold. Your kick misses the kobold.
Your headbutt misses the kobold.
The kobold hits you with a +2 short sword of holy wrath.
* * * LOW HITPOINT WARNING * * *
You hit the kobold.
You kill the kobold!
Things that are here:
a +2 short sword of holy wrath; a kobold corpse; a rat corpse Your magical contamination has completely faded away.
Your transformation is almost over.
Sigmund the Dreaded comes into view.
He is wielding a +3 scythe and carrying a wand of flame (10).
Sigmund shouts!
Found a scroll labeled JEUKLI JUME.
Your horns disappear.
Your talons disappear.
Things that are here:
a +2 short sword of holy wrath; a kobold corpse; a rat corpse Sigmund points at you and mumbles some strange words.
You are confused.
Sigmund zaps a wand.
The puff of flame hits you!
* * * LOW HITPOINT WARNING * * *
You feel less confused.
Sigmund zaps a wand.
The puff of flame hits you!
You die...

#.##.###.....#
#.##..
###.#.###
#@###. #.#...#
#.# . #.#.#..
####.# ..#....
#....# ######.
#....# #.
#....# #.
#>@..# ...
#....# #.##
#....### ...
#>.....# ..
#....#.####.##.
######.#.......
#..#### ##....#
####.#


You could see Sigmund.

Vanquished Creatures
  A worm (D:2)
  2 leopard geckos
  A ball python (D:1)
  A bat (D:2)
  2 kobolds
  A rat (D:2)
8 creatures vanquished.

Notes
Turn   | Place    | Note
-------+----------+-------------------------------------------
     0 | D:1      | Flugkiller the Ogre Transmuter began the quest for the Orb.
     0 | D:1      | Reached XP level 1. HP: 19/19 MP: 3/3
   142 | D:2      | Reached skill level 3 in Unarmed Combat
   179 | D:2      | Reached XP level 2. HP: 13/28 MP: 3/5
   217 | D:2      | Noticed Sigmund
   250 | D:2      | Killed from afar by Sigmund

Illustrated notes

Levels and vault maps discovered:
D:1:      dpeg_arrival_three_bigger_balls, layout_loops_ring,
          minmay_misc_feat_roman
D:2:      layout_rooms, uniq_sigmund, uniq_natasha, uniq_crazy_yiuf_cottage
D:3:      layout_basic, elyvilon_altar_4, nicolae_overflow_hidden_temple,
          minmay_misc_feat_secret_circle, due_unseen_surprise

Skill      XL: |  1  2 |
---------------+-------+-----
Unarmed Combat | 3 |  3.1
Fighting       | 2 |  2.1
Dodging        | |  1.7
Spellcasting   | |  2.4
Transmutations | |  1.7

Action                   || total
-------------------------++-------
Melee: Unarmed           ||    22
       Kick              ||     1
       Punch             ||     2
 Cast: Beastly Appendage ||     6
Armor: Robe              ||    10
Dodge: Dodged            ||    24

Table legend: (Time is in decaauts)
 A = Elapsed time spent in this place.
 B = Non-inter-level travel time spent in this place.
 C = Inter-level travel time spent in this place.
 D = Time resting spent in this place.
 E = Time spent auto-exploring this place.
 F = Levels seen in this place.
 G = Mean time per level.
                   A        B        C        D        E       F      G
               +--------+--------+--------+--------+--------+-----+--------+
         Total |    248 |    248 |      0 |      0 |      0 |   3 |   82.7 |
       Dungeon |    248 |    248 |      0 |      0 |      0 |   3 |   82.7 |
               +--------+--------+--------+--------+--------+-----+--------+

Top non-repeatable levels by time:
     D:2: 156 daAuts
     D:1: 86 daAuts
     D:3: 5 daAuts
